 Dungeon Sprint DCSS version 0.18-a0-1782-gb76a692 (webtiles) character file.

35666 Kidiri the Unseen (level 12, 0/63 HPs)
             Began as a Spriggan Enchanter on Apr 18, 2016.
             Was the Champion of Dithmenos.
             Slain by Xtahua (11 damage)
             ... in the Dungeon (Sprint III: "The Ten Rune Challenge").
             The game lasted 00:23:09 (4177 turns).

Kidiri the Unseen (Spriggan Enchanter)              Turns: 4177, Time: 00:23:11

Health: 0/63       AC:  5    Str:  3 (4)  XL:     12   Next: 65%
Magic:  28/31      EV: 12    Int: 23      God:    Dithmenos [******]
Gold:   31         SH:  0    Dex: 20      Spells: 8 memorised, 13 levels left

rFire  + + .     SeeInvis +     x - +1 dagger (holy)
rCold  x . .     Gourm    .     A - fire dragon hide
rNeg   . . .     Faith    .     (shield restricted)
rPois  .         Spirit   .     (helmet restricted)
rElec  +         Dismiss  .     (no cloak)
rCorr  .         Reflect  .     (gloves unavailable)
SustAt .         Harm     .     (boots unavailable)
MR     ++...     NoTele   +     (no amulet)
Stlth  ++++++++++               (no ring)
                                k - +5 ring of intelligence

@: very slightly contaminated, wreathed by umbra, very quick, very resistant to
hostile enchantments, uncannily stealthy
A: unfitting armour, antennae 1, yellow scales 1, see invisible, blink, deformed
body, deterioration 1, herbivore 3, speed 3, electricity resistance, slow
metabolism 2
a: Blink, Shadow Step, Shadow Form, Renounce Religion
}: 1/10 runes: barnacled


You were in the Dungeon.
You worshipped Dithmenos.
Dithmenos was exalted by your worship.
You were full.

You visited 1 branch You collected 31 gold pieces.

Inventory:

Hand Weapons
 x - a +1 dagger of holy wrath (weapon)
Missiles
 z - 9 throwing nets (quivered)
Armour
 b - a +1 robe
 A - a fire dragon hide (worn)
Jewellery
 k - a +5 ring of intelligence (left hand)
Wands
 y - a wand of acid (6/15)
Scrolls
 m - a scroll of torment {unknown}
 n - a scroll of magic mapping {unknown}
 o - 3 scrolls of remove curse
 r - a scroll of holy word {unknown}
 s - a scroll of identify {unknown}
Potions
 a - a potion of might
 e - a potion of curing
 f - 2 potions of heal wounds
 g - a potion of haste
 h - 2 potions of magic
 i - 2 potions of berserk rage
 p - a potion of cure mutation {unknown}
 q - a potion of lignification {unknown}
 u - a potion of flight {unknown}
Books
 c - a book of Maledictions

   Spells                             Type                      Level
   a - Corona                         Hexes                        1
   b - Ensorcelled Hibernation        Hexes/Ice                    2
   c - Confuse                        Hexes                        3
   d - Tukima's Dance                 Hexes                        3
   e - Dazzling Spray                 Conjuration/Hexes            3
 v - a book of Spatial Translocations

   Spells                             Type                      Level
   a - Apportation                    Translocation                1
   b - Blink                          Translocation                2
   c - Shroud of Golubria             Charms/Translocation         2
   d - Portal Projectile              Translocation                3
   e - Teleport Other                 Translocation                3
   f - Passage of Golubria            Translocation                4
 w - an Akashic Record

   Spells                             Type                      Level
   a - Dispersal                      Translocation                6
   b - Malign Gateway                 Summoning/Translocation      7
   c - Disjunction                    Translocation                8
   d - Controlled Blink               Translocation                8
Comestibles
 d - a bread ration
 l - 24 royal jellies
 t - 9 fruits


   Skills:
 + Level 7.1 Fighting
 * Level 13.5 Short Blades
 + Level 6.8 Armour
 * Level 17.2 Dodging
 * Level 18.5 Stealth
 * Level 14.4 Spellcasting
 + Level 6.7 Conjurations
 + Level 11.3 Hexes
 + Level 11.3 Charms
 + Level 10.7 Translocations
 + Level 7.4 Ice Magic
 - Level 4.2 Invocations


You had 13 spell levels left.
You knew the following spells:

 Your Spells              Type           Power        Failure   Level  Hunger
a - Corona                Hex            ######.      3%          1    None
b - Ensorcelled Hibernat  Hex/Ice        ######       12%         2    None
c - Confuse               Hex            ######..     12%         3    None
d - Tukima's Dance        Hex            ######..     12%         3    None
e - Dazzling Spray        Conj/Hex       ######..     24%         3    None
f - Shroud of Golubria    Chrm/Tloc      ######....   6%          2    None
g - Passage of Golubria   Tloc           N/A          38%         4    None
h - Controlled Blink      Tloc           N/A          100%        8    #######


Dungeon Overview and Level Annotations

Branches:
Dungeon (1/1)

Altars:
Cheibriados
Dithmenos
Elyvilon
Fedhas
Gozag
Kikubaaqudgha
Makhleb
Nemelex Xobeh
Okawaru
Pakellas
Qazlal
Ru
Sif Muna
Trog
Vehumet
Xom
Yredelemnul
Zin
The Shining One
Jiyva
Lugonu

Shops:
D ![}?:[

Annotations:
D Xtahua


Innate Abilities, Weirdness & Mutations

You are tiny and cannot use many weapons and most armour.
You have supernaturally acute eyesight.
You are a herbivore.
You cover ground extremely quickly.
You need consume almost no food.
You have a pair of small antennae on your head.
You are partially covered in yellow scales (AC +2).
You can translocate small distances at will.
Armour fits poorly on your strangely shaped body.
Your body sometimes deteriorates upon taking damage.
You are resistant to electric shocks.


Message History

Xtahua is lightly wounded.
Unknown command.
Casting: Dazzling Spray
Confirm with . or Enter, or press ? or * to list all spells.
Aiming: Confuse
Press: ? - help, Shift-Dir - straight line, f/p - Xtahua
Aim: Xtahua (flame, lightly wounded, catching his breath, umbra, chance to defeat MR: 0%)
Okay, then.
Unknown command.
Evoke which item? (* to show all) (? for menu, Esc to quit)
Zapping:
y - a wand of acid (will waste charges)
Press: ? - help, Shift-Dir - straight line, f/p - Xtahua
Aim: Xtahua (flame, lightly wounded, catching his breath, umbra)
The bolt of acid hits Xtahua.
The acid corrodes Xtahua!
Xtahua is moderately wounded.
Evoking this partially-identified wand wasted a few charges.
Xtahua is engulfed in roaring flames.
Xtahua misses you. Xtahua claws you!
* * * LOW HITPOINT WARNING * * *
You emit a cloud of dark smoke.
Xtahua tramples you!
You die...

▓.................#___#__+...#.
▓▓▓▓▓▓▓▓▓▓▓▓▓▓▓▓▓▓▓▓▓▓▓▓▓▓▓▓▓▓▓
+≈≈≈§§≈§≈≈♣♣.....♣♣♣♣≈≈≈..
#≈≈≈§§%≈≈≈♣♣%≈≈≈≈+♣♣'♣≈≈≈≈
#≈≈≈§§§§..≈'.....#.≈♣♣♣♣♣♣
#≈≈≈§§§≈≈≈♣♣♣♣♣♣♣#..♣♣
{#≈≈≈≈≈§≈≈≈♣ ###+♣♣♣♣♣
▓##+####'#######♣ ♣♣♣♣.##..#
▓..........§§@D.♣♣ ♣...##.##.
▓#+#############.♣ ♣♣.##.##.#
.. #≈P..........♣ ♣..#.##..
▓...+≈≈..D########♣♣ ♣♣.##.##.
▓JJ.#≈≈≈...{.§§..PP♣ ♣♣.##.###
JJ.#≈≈≈≈P..PPD...P♣ ♣.....##.
+# ###########.#### ########+
#[♣♣ ▓. #♣.♣ ▓≈


You could see Xtahua.

Vanquished Creatures
  Rupert (D)
  A kraken (D)
  Maud (D)
  Erolcha (D)
  4 fire dragons (D)
  A hydra (D)
  An alligator snapping turtle (D)
  4 death yaks (D)
  A spriggan druid (D)
  A death drake (D)
  A lindwurm (D)
  A deep elf mage (D)
  2 black mambas (D)
  A rime drake (D)
  2 spiny frogs (D)
  A komodo dragon (D)
  A queen bee (D)
  3 wandering mushrooms (D)
  2 giant leeches (D)
  5 snapping turtles (D)
  8 blink frogs (D)
  5 redbacks (D)
  2 spriggans (D)
  A shadow (D)
  2 hill giants (D)
  A spatial vortex (D)
  2 hell hounds (D)
  A swamp drake (D)
  A necrophage (D)
  3 two-headed ogres (D)
  A water elemental (D)
  31 killer bees (D)
  An electric eel (D)
  A jelly (D)
  Jessica (D)
  A necromancer (D)
  A wizard (D)
  3 humans (D)
  A kobold demonologist (D)
  A wolf (D)
  An ooze (D)
  2 rats (D)
106 creatures vanquished.

Vanquished Creatures (others)
  2 draconian scorchers (D)
  2 hydras (D)
  3 yaktaurs (D)
  A dancing weapon (D)
  A killer bee (D)
  3 plants (D)
  12 tentacles (D)
  53 tentacle segments (D)
77 creatures vanquished.

Grand Total: 183 creatures vanquished

Notes
Turn   | Place    | Note
--------------------------------------------------------------
     0 | D        | Kidiri the Spriggan Enchanter began the quest for the Orb.
     0 | D        | Reached XP level 1. HP: 9/9 MP: 5/5
     4 | D        | Reached skill level 5 in Stealth
    14 | D        | Noticed Jessica
    18 | D        | Killed Jessica
    18 | D        | Reached skill level 1 in Fighting
    18 | D        | Reached skill level 6 in Stealth
    18 | D        | Reached XP level 2. HP: 14/14 MP: 6/8
    18 | D        | Reached XP level 3. HP: 18/18 MP: 6/9
    22 | D        | Learned a level 2 spell: Ensorcelled Hibernation
    24 | D        | Killed a yaktaur
    26 | D        | Learned a level 3 spell: Confuse
    27 | D        | Killed a yaktaur
    30 | D        | Learned a level 3 spell: Dazzling Spray
    80 | D        | Reached skill level 1 in Armour
    80 | D        | Reached skill level 5 in Dodging
   251 | D        | Killed a white draconian scorcher
   253 | D        | Gained mutation: You can translocate small distances at will. [potion of mutation]
   253 | D        | Gained mutation: You are partially covered in yellow scales (AC +2). [potion of mutation]
   253 | D        | Gained mutation: You have a pair of small antennae on your head. [potion of mutation]
   254 | D        | Gained mutation: You are resistant to electric shocks. [potion of mutation]
   254 | D        | Gained mutation: Your body sometimes deteriorates upon taking damage. [potion of mutation]
   254 | D        | Gained mutation: Armour fits poorly on your strangely shaped body. [potion of mutation]
   295 | D        | Noticed a water elemental
   297 | D        | Killed a water elemental
   297 | D        | Reached skill level 7 in Stealth
   297 | D        | Reached skill level 5 in Spellcasting
   297 | D        | Reached skill level 1 in Conjurations
   297 | D        | Reached skill level 5 in Hexes
   297 | D        | Reached skill level 1 in Ice Magic
   297 | D        | Reached XP level 4. HP: 23/23 MP: 10/12
   302 | D        | Learned a level 3 spell: Tukima's Dance
   312 | D        | Noticed a shadow
   314 | D        | Killed a shadow
   314 | D        | Reached skill level 5 in Short Blades
   314 | D        | Reached skill level 9 in Stealth
   314 | D        | Reached XP level 5. HP: 27/27 MP: 11/14
   314 | D        | Reached XP level 6. HP: 32/32 MP: 12/16
   319 | D        | Killed a white draconian scorcher
   354 | D        | Found an oddly glowing altar of Pakellas.
   354 | D        | Found a stormy altar of Qazlal.
   355 | D        | Found a sacrificial altar of Ru.
   355 | D        | Found a burning altar of Makhleb.
   355 | D        | Found a viscous altar of Jiyva.
   355 | D        | Found a shimmering altar of Xom.
   355 | D        | Found a shadowy altar of Dithmenos.
   355 | D        | Found a sparkling altar of Nemelex Xobeh.
   355 | D        | Found a corrupted altar of Lugonu.
   355 | D        | Found an opulent altar of Gozag.
   355 | D        | Noticed a spatial vortex
   359 | D        | Became a worshipper of Dithmenos the Shadowed
   360 | D        | Killed a spatial vortex
   360 | D        | Reached skill level 10 in Stealth
   360 | D        | Reached skill level 1 in Invocations
   385 | D        | Found a radiant altar of Vehumet.
   386 | D        | Found a deep blue altar of Sif Muna.
   386 | D        | Found an ancient bone altar of Kikubaaqudgha.
   389 | D        | Reached * piety under Dithmenos
   401 | D        | Learned a level 2 spell: Shroud of Golubria
   406 | D        | Learned a level 4 spell: Passage of Golubria
   416 | D        | Found a glowing silver altar of Zin.
   417 | D        | Found a glowing golden altar of the Shining One.
   417 | D        | Found a white marble altar of Elyvilon.
   417 | D        | Noticed a deep elf mage
   422 | D        | Killed a deep elf mage
   422 | D        | Reached skill level 11 in Stealth
   422 | D        | Reached XP level 7. HP: 36/36 MP: 10/19
   478 | D        | Found an iron altar of Okawaru.
   479 | D        | Found a bloodstained altar of Trog.
   479 | D        | Noticed a human
   479 | D        | Noticed a human
   481 | D        | Killed a human
   482 | D        | Killed a human
   482 | D        | Reached ** piety under Dithmenos
   482 | D        | Reached skill level 10 in Dodging
   482 | D        | Reached XP level 8. HP: 42/42 MP: 19/21
   498 | D        | Found a snail-covered altar of Cheibriados.
   499 | D        | Found a basalt altar of Yredelemnul.
   499 | D        | Found a blossoming altar of Fedhas.
   543 | D        | Reached *** piety under Dithmenos
   626 | D        | Noticed Erolcha
   628 | D        | Killed Erolcha
   628 | D        | Reached skill level 12 in Stealth
   628 | D        | Reached skill level 5 in Charms
   628 | D        | Reached skill level 5 in Translocations
   628 | D        | Reached XP level 9. HP: 27/46 MP: 4/23
   685 | D        | Reached **** piety under Dithmenos
   830 | D        | Learned a level 8 spell: Controlled Blink
   917 | D        | Reached skill level 13 in Stealth
   917 | D        | Reached skill level 10 in Spellcasting
   958 | D        | Noticed a queen bee
   990 | D        | Reached ***** piety under Dithmenos
  1332 | D        | Reached ****** piety under Dithmenos
  1335 | D        | Killed a queen bee
  1343 | D        | Reached skill level 5 in Ice Magic
  1468 | D        | Reached XP level 10. HP: 51/51 MP: 18/25
  1490 | D        | Reached skill level 10 in Short Blades
  1757 | D        | Reached skill level 14 in Stealth
  1760 | D        | Reached skill level 5 in Fighting
  1848 | D        | Noticed a spiny frog
  1848 | D        | Noticed a spiny frog
  1855 | D        | Killed a spiny frog
  1857 | D        | Killed a spiny frog
  2044 | D        | Reached skill level 5 in Armour
  2058 | D        | Noticed a lindwurm
  2061 | D        | Reached skill level 5 in Conjurations
  2063 | D        | Killed a lindwurm
  2063 | D        | Reached skill level 15 in Stealth
  2127 | D        | Noticed Maud
  2130 | D        | Killed Maud
  2130 | D        | Reached XP level 11. HP: 50/56 MP: 24/27
  2163 | D        | Noticed a five-headed hydra
  2163 | D        | Noticed a four-headed hydra
  2200 | D        | Killed a four-headed hydra
  2272 | D        | Noticed a death drake
  2280 | D        | Killed a five-headed hydra
  2290 | D        | Killed a death drake
  2358 | D        | Found a blossoming altar of Fedhas.
  2358 | D        | Noticed a spriggan druid
  2360 | D        | Killed a spriggan druid
  2362 | D        | Reached skill level 16 in Stealth
  2381 | D        | Noticed a kraken
  2425 | D        | Killed a kraken
  2425 | D        | Reached skill level 15 in Dodging
  2425 | D        | Reached skill level 10 in Hexes
  2566 | D        | Noticed an alligator snapping turtle
  2566 | D        | Found Kumav's Antique Armour Boutique.
  2566 | D        | Found Omontush's Book Shop.
  2566 | D        | Found Feza's Magic Scroll Emporium.
  3160 | D        | Killed an alligator snapping turtle
  3178 | D        | Got a barnacled rune of Zot
  3237 | D        | Reached skill level 17 in Stealth
  3315 | D        | Reached skill level 10 in Charms
  3338 | D        | Noticed Rupert
  3343 | D        | Killed Rupert
  3343 | D        | Reached XP level 12. HP: 62/62 MP: 25/30
  3366 | D        | Noticed a death yak
  3367 | D        | Noticed a death yak
  3368 | D        | Noticed an azure jelly
  3368 | D        | Noticed a death yak
  3368 | D        | Noticed an azure jelly
  3368 | D        | Noticed a death yak
  3369 | D        | Killed a death yak
  3370 | D        | Killed a death yak
  3370 | D        | Reached skill level 10 in Translocations
  3373 | D        | Killed a death yak
  3375 | D        | Killed a death yak
  3375 | D        | Reached skill level 18 in Stealth
  3391 | D        | Noticed an azure jelly
  3391 | D        | Noticed an azure jelly
  3409 | D        | Noticed a fire dragon
  3424 | D        | Killed a fire dragon
  3432 | D        | Noticed a fire dragon
  3448 | D        | Noticed a fire dragon
  3740 | D        | Killed a fire dragon
  3766 | D        | Found Beossug's Distillery.
  3766 | D        | Found Woderch's Antique Armour Boutique.
  3766 | D        | Found Ywneimu's Gadget Emporium.
  3769 | D        | Noticed a fire dragon
  3802 | D        | Killed a fire dragon
  3860 | D        | Noticed a fire dragon
  3870 | D        | Killed a fire dragon
  3880 | D        | Noticed a four-headed hydra
  3914 | D        | Killed a four-headed hydra
  4119 | D        | Noticed a fire dragon
  4156 | D        | Noticed Xtahua
  4177 | D        | Slain by Xtahua

Vault maps used:
D:        dungeon_sprint_mu

Skill      XL: |  1  2  3  4  5  6  7  8  9 10 11 12 |
---------------+-------------------------------------+-----
Stealth        | 6 7 9 11 12 13 15 17 18 | 18.5
Spellcasting   | 4 5 6 8 9 10 11 13 14 | 14.4
Short Blades   | 2 4 5 7 8 9 11 12 13 | 13.5
Fighting       | 1 2 3 4 5 6 7 |  7.1
Dodging        | 4 6 7 9 10 11 12 14 16 17 | 17.2
Hexes          | 4 5 6 7 8 9 10 11 | 11.3
Armour         | 1 2 3 4 5 6 |  6.8
Conjurations   | 1 2 3 4 5 6 |  6.7
Ice Magic      | 1 2 3 4 5 6 7 |  7.4
Invocations    | 2 3 4 |  4.2
Charms         | 2 3 5 6 8 10 11 | 11.3
Translocations | 2 3 5 6 8 9 10 | 10.7

Action                   |  1- 3 |  4- 6 |  7- 9 | 10-12 || total
-------------------------+-------+-------+-------+-------++-------
Melee: Dagger            |     7 |     7 |    98 |    86 ||   198
 Cast: Ensorcelled Hiber |     6 |     2 |    36 |    63 ||   107
       Dazzling Spray    |       |     1 |     4 |    24 ||    29
       Shroud of Golubri |       |     1 |       |       ||     1
       Tukima's Dance    |       |       |     8 |       ||     8
       Confuse           |       |       |     2 |     9 ||    11
       Corona            |       |       |     1 |       ||     1
Invok: Shadow Step       |       |       |       |    13 ||    13
Evoke: Wand              |       |       |       |     1 ||     1
  Use: Potion            |     2 |       |       |     1 ||     3
       Scroll            |       |       |       |     1 ||     1
 Stab: Sleeping          |     7 |     5 |    27 |    43 ||    82
       Invisible         |       |     1 |     1 |     2 ||     4
       Confused          |       |       |     1 |     4 ||     5
  Eat: Bread ration      |       |       |       |     1 ||     1
Armor: Robe              |       |       |     2 |     3 ||     5
       Fire dragon hide  |       |       |       |     3 ||     3
Dodge: Dodged            |     4 |     2 |   117 |   100 ||   223
